 Dungeon Crawl Stone Soup version 0.18-a0-211-gcfb53b4 (webtiles) character file.

13764 Duffy the Cleaver (level 11, -14/138 HPs)
             Began as a Demigod Gladiator on Nov 24, 2015.
             Killed from afar by an ice dragon (24 damage)
             ... with a blast of cold
             ... on level 1 of the Orcish Mines.
             The game lasted 00:22:56 (13942 turns).

Duffy the Cleaver (Demigod Gladiator)              Turns: 13942, Time: 00:22:56

Health: -14/138    AC: 25    Str: 18    XL:     11   Next: 51%
Magic:  16/16      EV:  2    Int: 12    God:
Gold:   277        SH:  0    Dex: 27    Spells: 2 memorised, 4 levels left

rFire  . . .     SeeInvis .     Y - +0 battleaxe
rCold  . . .     Clarity  .     (armour currently unavailable)
rNeg   + + +     SustAt   +     (shield currently unavailable)
rPois  +         Gourm    .     (helmet currently unavailable)
rElec  .         Spirit   .     (cloak currently unavailable)
rCorr  .         Warding  .     (gloves currently unavailable)
rMut   .         NoTele   +     (boots currently unavailable)
MR     +....                    (no amulet)
Stlth  ++........               U - +5 ring of dexterity
                                o - +5 ring of evasion

@: exhausted, tree-form, slowed, very slow, somewhat resistant to hostile
enchantments, unstealthy
A: high mp 1, sustain attributes
a: no special abilities


You were on level 1 of the Orcish Mines.
You were very hungry.
You were a tree.
You visited 2 branches of the dungeon, and saw 12 of its levels.

You collected 707 gold pieces.
You spent 430 gold pieces at shops.


Innate Abilities, Weirdness & Mutations

You have an increased reservoir of magic (+10% MP).
Your attributes are resistant to harm.


   Skills:
 - Level 7.0 Fighting
 + Level 13.0 Axes
 - Level 1.8 Throwing
 - Level 4.8 Armour
 + Level 8.1 Dodging
 - Level 3.0 Evocations


You had 4 spell levels left.
You knew the following spells:

 Your Spells              Type           Power        Failure   Level  Hunger
r - Regeneration          Chrm/Necr      #.........   88%         3    ####...
w - Spectral Weapon       Hex/Chrm       #.......     88%         3    ####...

Inventory:

Hand Weapons
 Y - a +0 battleaxe (weapon)
Missiles
 d - 5 throwing nets (quivered)
 j - 10 poisoned needles
 x - 6 curare-tipped needles
Armour
 k - a +1 pair of gloves (melded)
 y - a +1 ring mail of poison resistance (melded)
 E - a +1 hat of magic resistance (melded)
 G - a +0 cloak (melded)
 O - a +1 pair of boots (melded)
Jewellery
 a - an uncursed ring of see invisible
 l - an uncursed ring of teleportation
 o - a +5 ring of evasion (left branch)
 q - an uncursed amulet of stasis
 U - a +5 ring of dexterity (right branch)
Wands
 h - a wand of lightning (4)
 D - a wand of disintegration (13)
 H - a wand of enslavement (12)
 L - a wand of paralysis (7)
 Q - a wand of fire (13)
Scrolls
 f - 6 scrolls of remove curse
 n - 5 scrolls of amnesia {unknown}
 u - a scroll of fear
 v - 2 scrolls of magic mapping
 B - 6 scrolls of teleportation
 I - a scroll of random uselessness {unknown}
 N - a scroll of enchant armour {unknown}
 P - a scroll of enchant weapon {unknown}
 R - 2 scrolls of blinking {unknown}
 V - a scroll of immolation {unknown}
 W - 3 scrolls of recharging
 X - a scroll of noise {unknown}
Potions
 b - a potion of degeneration {unknown}
 c - a potion of cure mutation {unknown}
 g - 3 potions of flight
 i - a potion of cancellation {unknown}
 m - a potion of curing
 p - 2 potions of agility
 r - a potion of heal wounds {unknown}
 s - 2 potions of lignification
 w - a potion of might
 z - 2 potions of haste
 A - 3 potions of magic
 J - 3 potions of invisibility {unknown}
 K - 2 potions of resistance {unknown}
 S - a potion of mutation {unknown}
Comestibles
 e - 9 bread rations
 t - 2 slices of pizza
 C - 3 fruits
 F - a meat ration
 T - 7 beef jerkies
 Z - 5 chunks of flesh

Dungeon Overview and Level Annotations

Branches:
Dungeon (11/15)            Temple (0/1) D:7            Lair (0/8) D:10
    Orc (1/4) D:11

Shops:
D:4 ?(!((   D:11 %

Portals:
Ice
Cave: Orc:1

Annotations:
D:10 exclusion: downstairs, nublet's ghost, journeyman OgGl


Message History

You are no longer berserk.
You are exhausted.
You feel yourself slow down.
You are feeling very hungry.
The ice dragon bites you but does no damage.
The ice dragon claws you but does no damage.
The ice dragon completely misses you. The orc warrior barely misses you.
You closely miss the ice dragon.
The ice dragon is severely wounded.
You slash the orc warrior!
The orc warrior is moderately wounded.
The ice dragon bites you! The ice dragon claws you.
The ice dragon completely misses you. The orc warrior misses you.
Drink which item? (? for menu, Esc to quit)
You turn into a tree.
Your +0 cloak melds into your body.
Your +1 hat of magic resistance melds into your body.
Your +1 pair of gloves melds into your body.
Your +1 pair of boots melds into your body.
Your +1 ring mail of poison resistance melds into your body.
You feel less resistant to hostile enchantments.
Your roots penetrate the ground.
The ice dragon bites you but does no damage.
The ice dragon claws you but does no damage.
The ice dragon tramples you but does no damage.
The ice dragon bites you but does no damage.
The ice dragon claws you but does no damage.
The ice dragon tramples you!
The orc warrior hits you but does no damage.
You completely miss the ice dragon.
The ice dragon is severely wounded.
You hit the orc warrior.
The orc warrior is moderately wounded.
The ice dragon breathes frost at you.
Helpless, you fail to dodge the blast of cold.
You die...

........#...........#....
......###...............#
##............##.
#.........#......
##...............
###.......#.#.#
#####.......#
####........#
#7##.........
\...hhD#o#.........
...#.####oo.$...... #
##oooo..... #oo.......
#......... o........
......... .........


You could see an ice dragon, a polar bear, an orc warrior, a wolf and 7 orcs.

Action                   |  1- 3 |  4- 6 |  7- 9 | 10-12 || total
-------------------------+-------+-------+-------+-------++-------
Melee: War axe           |   118 |   256 |   403 |       ||   777
       Battleaxe         |       |       |    74 |   375 ||   449
Evoke: Wand              |       |       |     8 |     4 ||    12
  Use: Scroll            |       |     4 |     4 |     3 ||    11
       Potion            |       |       |     4 |     3 ||     7
 Stab: Sleeping          |       |       |     2 |     1 ||     3
       Paralysed         |       |       |       |     4 ||     4
  Eat: Chunk             |     3 |    10 |    17 |    10 ||    40
       Royal jelly       |       |       |       |     2 ||     2

Notes
Turn   | Place    | Note
--------------------------------------------------------------
     0 | D:1      | Duffy the Demigod Gladiator began the quest for the Orb.
     0 | D:1      | Reached XP level 1. HP: 17/17 MP: 3/3
   241 | D:1      | Reached skill level 3 in Axes
   296 | D:1      | Reached XP level 2. HP: 21/24 MP: 4/4
   916 | D:2      | Found a bloodstained altar of Trog.
   965 | D:2      | Reached XP level 3. HP: 22/29 MP: 5/5
  1233 | D:2      | Found a blossoming altar of Fedhas.
  1536 | D:2      | Reached skill level 4 in Axes
  1980 | D:3      | Reached XP level 4. HP: 36/36 MP: 6/6
  2108 | D:3      | Found a faded altar to an unknown god.
  2289 | D:3      | Reached skill level 5 in Axes
  2812 | D:3      | Reached XP level 5. HP: 41/41 MP: 7/7
  2983 | D:4      | Found Vivoodoo's Antique Weapon Shoppe.
  3212 | D:4      | Found Qanext's Magic Scroll Emporium.
  3216 | D:4      | Bought a scroll of identify for 28 gold pieces
  3216 | D:4      | Bought a scroll of teleportation for 42 gold pieces
  3368 | D:4      | Found Xalatt's Weapon Shop.
  3384 | D:4      | Reached skill level 6 in Axes
  3428 | D:4      | Reached XP level 6. HP: 37/48 MP: 8/8
  3737 | D:4      | Found Ynumed's Weapon Shoppe.
  3763 | D:4      | Reached skill level 7 in Axes
  3914 | D:4      | Found Kist's Distillery.
  4111 | D:5      | Entered Level 5 of the Dungeon
  4367 | D:5      | Reached skill level 2 in Fighting
  4458 | D:5      | Found a burning altar of Makhleb.
  4716 | D:5      | Reached XP level 7. HP: 33/56 MP: 9/9
  4940 | D:4      | Noticed Crazy Yiuf
  4953 | D:4      | Killed Crazy Yiuf
  5072 | D:6      | Reached skill level 3 in Fighting
  5589 | D:6      | Reached skill level 8 in Axes
  5639 | D:6      | Found a glowing golden altar of the Shining One.
  5714 | D:6      | Reached skill level 4 in Fighting
  6044 | D:6      | Reached skill level 1 in Armour
  6044 | D:6      | Reached XP level 8. HP: 66/66 MP: 10/10
  6629 | D:6      | Reached skill level 2 in Armour
  6997 | D:6      | Reached skill level 1 in Evocations
  7241 | D:7      | Reached skill level 9 in Axes
  7312 | D:7      | Noticed Jessica
  7346 | D:7      | Killed Jessica
  7366 | D:7      | Found a deep blue altar of Sif Muna.
  7535 | D:7      | Found a shadowy altar of Dithmenos.
  7559 | D:7      | Reached skill level 2 in Evocations
  7629 | D:7      | Noticed a hill giant
  7647 | D:7      | Killed a hill giant
  7647 | D:7      | Reached skill level 3 in Armour
  7839 | D:7      | Reached XP level 9. HP: 71/71 MP: 14/14
  7972 | D:7      | Reached skill level 3 in Evocations
  8027 | D:4      | Bought a scroll of magic mapping for 49 gold pieces
  8113 | D:4      | Bought a potion of berserk rage for 65 gold pieces
  8113 | D:4      | Bought a potion of might for 52 gold pieces
  8230 | D:7      | Reached skill level 10 in Axes
  8352 | D:7      | Found a staircase to the Ecumenical Temple.
  8386 | D:8      | Noticed Pikel
  8415 | D:7      | Killed Pikel
  8415 | D:7      | Reached skill level 4 in Armour
  8607 | D:8      | Noticed Gastronok
  8843 | D:9      | Found a white marble altar of Elyvilon.
  8843 | D:9      | Found a stormy altar of Qazlal.
  9270 | D:9      | Reached skill level 3 in Dodging
  9655 | D:9      | Reached skill level 11 in Axes
  9660 | D:9      | Reached skill level 5 in Fighting
  9692 | D:10     | Entered Level 10 of the Dungeon
  9806 | D:10     | Noticed nublet's ghost (journeyman OgGl)
 10156 | D:10     | Reached XP level 10. HP: 55/81 MP: 15/15
 10168 | D:10     | Reached skill level 4 in Dodging
 10508 | D:10     | Noticed a hill giant
 10521 | D:10     | Killed a hill giant
 10818 | D:10     | Found a staircase to the Lair.
 10831 | D:10     | Reached skill level 6 in Fighting
 10909 | D:10     | Noticed Psyche
 11155 | D:8      | Killed Gastronok
 11155 | D:8      | Reached skill level 5 in Dodging
 11417 | D:8      | Reached skill level 7 in Fighting
 11472 | D:8      | Learned a level 3 spell: Regeneration
 11476 | D:8      | Learned a level 3 spell: Spectral Weapon
 11581 | D:4      | Bought 3 potions of lignification for 117 gold pieces
 11665 | D:4      | Bought a scroll of identify for 28 gold pieces
 11665 | D:4      | Bought a scroll of fear for 49 gold pieces
 11748 | D:9      | Reached skill level 12 in Axes
 12018 | D:10     | Killed Psyche
 12018 | D:10     | Reached skill level 6 in Dodging
 12168 | D:10     | Noticed a hill giant
 12176 | D:10     | Killed a hill giant
 12176 | D:10     | Reached XP level 11. HP: 92/92 MP: 16/16
 12578 | D:11     | Noticed a sun demon
 12600 | D:11     | Noticed an iron golem
 12600 | D:11     | Noticed an iron golem
 12600 | D:11     | Noticed an iron golem
 12600 | D:11     | Noticed an iron golem
 12642 | D:11     | Noticed Erolcha
 12653 | D:11     | Killed Erolcha
 12653 | D:11     | Reached skill level 7 in Dodging
 12760 | D:11     | Found Paugam's Food Boutique.
 13436 | D:11     | Found a staircase to the Orcish Mines.
 13826 | Orc:1    | Entered Level 1 of the Orcish Mines
 13908 | Orc:1    | Found a frozen archway.
 13911 | Orc:1    | Noticed an ice dragon
 13916 | Orc:1    | Reached skill level 13 in Axes
 13928 | Orc:1    | Reached skill level 8 in Dodging
 13942 | Orc:1    | Killed from afar by an ice dragon

Vault maps used:
D:1:      minmay_arrival_pointy
D:2:      fedhas_altar_4, st_stairs_14, trog_three_pillars_becter
D:3:      ecumenical_altar_1
D:4:      serial_shops, nicolae_shop_trees, shop, kennysheep_little_box,
          nicolae_shop_statue_plus, shop, uniq_crazy_yiuf_cottage
D:5:      black_bear_nest_2, lemuel_crystal_altar, first_bread
D:6:      nicolae_overflow_crystal_walls
D:7:      nicolae_dithmenos_through_a_glass_darkly, tgw_sif,
          minmay_temple_entry_statues
D:8:      uniq_gastronok, uniq_pikel
D:9:      grunt_temple_overflow_open, grunt_ogre_cave
D:10:     lair_0_dummy, uniq_psyche
D:11:     cheibrodos_stairvault_heist, orc_0_dummy, serial_shops, shop,
          uniq_erolcha
Orc:1:    portal_ice_cave_entry_animals_and_master

Vanquished Creatures
  Gastronok Erolcha
  6 hill giants Pikel
  A centaur zombie Psyche
  A gargoyle
  A kobold demonologist
  A polar bear
  A troll
  A trapdoor spider
  6 yaks
  A shadow
  A steam dragon
  A wolf
  2 wargs
  A water moccasin
  3 orc warriors
  4 ice beasts
  2 black bears
  4 sky beasts
  5 centaurs
  3 ogres
  2 crocodiles
  2 big kobolds
  8 giant frogs
  7 killer bees
  4 scorpions
  A wyvern skeleton
  7 wights
  A wasp zombie
  2 crimson imps
  3 giant frog skeletons
  4 hounds
  3 jellies Crazy Yiuf
  2 worker ants Jessica
  5 iguanas
  10 orc wizards
  5 orc priests
  A killer bee zombie
  A hound skeleton
  A worker ant zombie
  14 adders
  2 shadow imps
  An ooze
  An adder zombie
  5 worms
  7 giant geckos
  51 orcs
  3 ball pythons
  7 bats
  8 giant cockroaches
  7 hobgoblins
  13 jackals
  4 quokkas
  5 giant newts
  4 goblins
  22 kobolds
  2 quokka zombies
  7 rats
283 creatures vanquished.
